Map: Pillars of Gold LE

Players

Epic

  • Race: Terran Terran
  • League: Grandmaster
  • Spawn Location: 7:00

MaSa - Winner!

  • Race: Terran Terran
  • League: Master
  • Spawn Location: 1:00

Event: DreamHack SC2 Masters 2020 Winter

VOD

Have the link to the VOD?

Description

Time

  • Played on: Oct. 29, 2020, 6:02 p.m.
  • Length: 13:47

All games in this series

Show
View Real Time Build Order
Export as new Build Order

Epic Terran 

Build Orders:  

Get SALT Encoding   

  12  0:00  SCV  
  13  0:12  SCV  
  14  0:18  Supply Depot  
  14  0:40  Barracks  
  14  0:44  Refinery  
  14  0:56  Barracks  
  14  1:01  SCV  
  15  1:13  SCV  
  16  1:27  Reaper, Orbital Command  
  17  1:35  Refinery  
  17  1:44  Reaper  
  18  1:53  SCV  
  19  1:57  Supply Depot  
  19  2:01  Reaper  
  19  2:05  SCV  
  21  2:16  Reaper  
  21  2:17  SCV  
  23  2:29  SCV, Factory  
  23  2:41  SCV  
  23  2:43  Reaper  
  25  2:49  Reaper  
  26  2:52  Supply Depot  
  26  2:53  SCV  
  27  3:05  SCV  
  27  3:15  Factory Tech Lab  
  27  3:17  SCV  
  26  3:21  Supply Depot  
  26  3:22  Starport  
  26  3:29  SCV  
  26  3:33  Cyclone  
  30  3:41  SCV  
  30  3:48  Command Center  
  31  3:54  SCV  
  32  3:58  Viking  
  34  4:07  Cyclone  
  34  4:08  SCV  
  38  4:17  Supply Depot  
  38  4:20  SCV  
  39  4:32  Starport Tech Lab  
  39  4:39  SCV, Siege Tank  
  39  4:42  Supply Depot  
  43  4:51  SCV  
  44  5:01  Orbital Command  
  44  5:03  SCV  
  44  5:05  Barracks  
  44  5:06  Raven  
  47  5:07  Barracks  
  47  5:15  SCV  
  47  5:19  Barracks Tech Lab  
  47  5:20  Orbital Command  
  48  5:27  SCV  
  49  5:35  Siege Tank  
  52  5:38  Marine  
  52  5:39  SCV  
  52  5:40  Refinery  
  52  5:41  Engineering Bay  
  54  5:46  SCV  
  55  5:51  SCV  
  55  5:52  Stimpack  
  55  5:54  Marine x2  
  58  5:58  SCV  
  58  6:00  Supply Depot  
  58  6:03  SCV  
  58  6:12  Barracks Reactor x2  
  58  6:13  SCV  
  58  6:15  SCV  
  58  6:16  Starport Reactor  
  60  6:22  Command Center  
  60  6:25  SCV  
  60  6:28  SCV  
  60  6:29  Refinery  
  60  6:30  Siege Tank  
  64  6:38  SCV  
  64  6:39  Marine  
  66  6:40  SCV, Supply Depot  
  66  6:43  Terran Infantry Weapons Level 1  
  67  6:48  Marine x2  
  67  6:49  Marine x2  
  67  6:53  SCV x2  
  69  7:03  Marine  
  69  7:05  Siege Tank  
  69  7:06  Marine x2  
  69  7:09  SCV x2  
  69  7:13  Supply Depot  
  68  7:18  Medivac x2  
  72  7:25  Marine  
  72  7:26  Marine x4  
  72  7:29  SCV x2  
  79  7:31  Combat Shield  
  79  7:35  Supply Depot, Orbital Command  
  79  7:36  Supply Depot  
  79  7:41  Siege Tank  
  82  7:46  Marine x4  
  86  7:57  Medivac x2  
  87  8:03  Marine  
  87  8:04  Marine x4  
  92  8:09  SCV x2  
  94  8:16  Siege Tank  
  79  8:21  Marine  
  79  8:22  Marine x3  
  79  8:24  Marine  
  73  8:29  Medivac x2  
  73  8:33  SCV x2  
  79  8:39  Marine x2  
  79  8:44  Marine x3  
  80  8:49  Siege Tank  
  83  8:57  Marine x2  
  68  9:05  SCV x2  
  58  9:13  Medivac  
  58  9:14  Medivac  
  58  9:15  Marine x5  
  65  9:21  Orbital Command  
  56  9:27  SCV x2  
  57  9:32  Marine  
  57  9:33  Marine x2  
  57  9:36  Marine x2  
  62  9:42  Siege Tank  
  63  9:48  SCV x2  
  63  9:50  Marine  
  63  9:52  Medivac  
  66  9:56  Marine x4  
  68  10:08  Marine  
  58  10:14  Marine x4  
  58  10:18  Siege Tank  
  65  10:22  Barracks  
  65  10:23  Barracks  
  65  10:26  Marine  
  65  10:28  Medivac x2  
  68  10:32  Marine  
  68  10:37  Marine  
  68  10:38  Marine x2  
  70  10:44  Marine  
  70  10:45  Terran Infantry Armor Level 1  
  71  10:56  Siege Tank  
  68  11:03  Marine x4  
  68  11:04  Marine  
  61  11:13  Viking  
  44  11:26  Marine x3  
  44  11:27  Marine x3  
  44  11:31  Siege Tank  
  52  11:33  Marine  
  53  11:41  Medivac  
  53  11:43  Medivac  
  53  11:44  Marine  
  53  11:46  Marine x2  
  60  11:49  Marine  
  61  11:55  Marine x2  
  61  11:56  Marine  
  63  12:02  Marine  
  63  12:04  Marine  
  65  12:09  Siege Tank  
  68  12:21  Marine x3  
  67  12:26  Marine x3  
  67  12:27  Marine  
  64  12:31  Medivac  
  65  12:39  Marine  
  65  12:43  Siege Tank  
  65  12:50  Marine x3  
  65  12:51  Marine x2  
  67  13:12  Medivac  
  39  13:21  Factory Tech Lab  
  39  13:25  Marine x7  
  40  13:30  SCV  
  35  13:34  SCV  
Show
View Real Time Build Order
Export as new Build Order

MaSa Terran - Winner!

Build Orders:  

Get SALT Encoding   

  12  0:00  SCV  
  13  0:12  SCV  
  14  0:17  Supply Depot  
  14  0:24  SCV  
  15  0:39  SCV  
  15  0:40  Barracks  
  16  0:44  Refinery  
  16  0:50  Refinery  
  16  0:55  SCV  
  17  1:07  SCV  
  18  1:19  SCV  
  19  1:28  Reaper  
  19  1:31  Orbital Command  
  20  1:39  Factory  
  20  1:45  Supply Depot  
  20  1:56  SCV  
  20  2:00  Reaper  
  22  2:08  SCV  
  23  2:16  Bunker  
  22  2:23  Hellion  
  22  2:25  SCV  
  23  2:32  Reaper  
  24  2:45  Hellion  
  24  2:51  SCV, Starport  
  27  3:00  Supply Depot  
  27  3:04  Marine  
  28  3:09  Hellion  
  30  3:16  SCV  
  28  3:22  Marine  
  29  3:28  SCV  
  29  3:30  Medivac  
  29  3:31  Hellion  
  34  3:40  SCV, Supply Depot, Marine  
  36  3:52  SCV, Factory Tech Lab  
  37  3:59  Barracks Reactor  
  37  4:02  Starport Tech Lab  
  37  4:09  SCV  
  38  4:14  Command Center  
  38  4:17  Cyclone  
  38  4:23  SCV  
  42  4:36  Supply Depot  
  42  4:38  SCV  
  42  4:40  Refinery, Marine x2  
  45  4:46  Raven  
  47  4:58  SCV, Marine x2  
  50  5:08  Siege Tank  
  50  5:10  SCV  
  54  5:26  Orbital Command  
  54  5:31  SCV  
  54  5:35  Marine  
  56  5:40  Viking, Siege Tank  
  61  5:44  SCV  
  61  5:49  Viking  
  64  5:54  Supply Depot  
  64  5:55  SCV  
  65  5:57  SCV  
  66  6:07  SCV  
  66  6:08  Supply Depot  
  66  6:09  SCV  
  66  6:10  Viking  
  70  6:19  Viking  
  70  6:23  Marine  
  70  6:24  Siege Tank  
  76  6:27  SCV  
  76  6:29  SCV  
  78  6:34  Supply Depot  
  79  6:40  SCV, Viking  
  81  6:49  Viking  
  73  7:11  SCV  
  73  7:15  Marine  
  68  7:16  Stimpack  
  68  7:17  Viking  
  68  7:19  Viking  
  68  7:22  SCV  
  71  7:23  SCV  
  71  7:24  Refinery  
  72  7:31  Siege Tank  
  72  7:34  SCV  
  72  7:36  SCV, Marine  
  78  7:46  SCV  
  78  7:47  Barracks x2  
  78  7:48  SCV  
  80  7:58  SCV  
  80  8:01  SCV  
  80  8:02  Marine, Liberator  
  80  8:03  Viking  
  88  8:07  Siege Tank  
  88  8:10  SCV  
  92  8:16  SCV  
  92  8:19  Marine  
  82  8:22  SCV  
  82  8:29  SCV  
  83  8:34  SCV  
  83  8:37  Marine  
  83  8:39  Marine x2, Siege Tank  
  90  8:41  Command Center  
  90  8:45  SCV  
  90  8:47  SCV  
  90  8:55  Marine  
  91  8:57  Marine  
  91  8:58  SCV  
  89  9:04  SCV  
  89  9:07  Marine  
  89  9:08  Combat Shield  
  85  9:11  Siege Tank  
  85  9:12  Viking, Barracks  
  85  9:13  Marine  
  85  9:15  Viking  
  92  9:20  SCV  
  92  9:21  Marine  
  92  9:22  SCV  
  92  9:25  Marine  
  93  9:32  SCV  
  93  9:35  Engineering Bay, Barracks  
  94  9:53  SCV x2, Marine x3, Siege Tank  
  94  9:57  Supply Depot  
  102  10:05  SCV, Marine  
  102  10:06  Viking x2  
  108  10:10  SCV, Marine  
  108  10:13  Marine  
  108  10:14  Orbital Command  
  109  10:21  Terran Infantry Weapons Level 1  
  108  10:29  Marine x2  
  108  10:31  SCV, Marine  
  111  10:36  Barracks Reactor, Viking  
  111  10:37  Barracks Reactor  
  111  10:38  Supply Depot  
  111  10:41  SCV  
  112  10:47  Marine  
  113  10:55  Marine  
  113  10:56  Marine  
  115  11:00  Orbital Command  
  115  11:05  Marine  
  115  11:06  SCV  
  115  11:07  Medivac x2  
  120  11:13  Marine x5  
  123  11:21  Marine  
  123  11:23  Marine  
  123  11:27  SCV  
  123  11:30  Marine  
  123  11:31  Marine  
  125  11:35  Supply Depot x2  
  125  11:42  Armory  
  125  11:43  Medivac x2, Engineering Bay, Marine  
  125  11:46  Barracks Reactor x2  
  130  11:51  Sensor Tower  
  130  11:54  Marine x3, Siege Tank  
  127  11:57  Command Center  
  132  12:07  Marine x2  
  134  12:11  Marine  
  134  12:12  Marine x2  
  134  12:13  Medivac x2  
  133  12:23  Refinery x2  
  133  12:24  Supply Depot, Marine  
  133  12:25  Marine  
  133  12:27  Siege Tank  
  133  12:28  Marine x2  
  133  12:29  Marine x2  
  138  12:30  Marine  
  138  12:31  Marine x2  
  142  12:42  Marine  
  142  12:43  Medivac x2  
  137  12:46  Marine x2  
  137  12:47  Marine x3  
  137  12:50  Factory  
  141  12:59  Barracks Reactor, Marine x2  
  141  13:00  Marine, Siege Tank  
  141  13:03  Marine  
  141  13:04  Marine  
  141  13:05  Marine  
  150  13:12  Marine x2  
  147  13:13  Medivac x2  
  147  13:17  Marine x2  
  147  13:18  Marine  
  141  13:21  SCV, Marine x2  
  141  13:22  SCV  
  141  13:23  Marine  
  146  13:33  SCV  
Tags
 
Add a new tag
Caveats
  • Supply blocks, unpowered buildings, or Contaminate may cause inaccurate times.
  • Supply counts are checked every 10 seconds.